 Dungeon Sprint DCSS version 0.20.1-1-g8b1a95d (webtiles) character file.

75842 KingStallion the Minotaur Barricade (level 15, -25/162 HPs)
             Began as a Minotaur Gladiator on Oct 22, 2017.
             Was the Champion of Makhleb.
             Annihilated by Antaeus
             ... wielding a +0 great sword
              (32 damage)
             ... in the Dungeon (Sprint V: "Ziggurat Sprint").
             The game lasted 00:31:31 (1418 turns).

KingStallion the Minotaur Barricade (MiGl)          Turns: 1418, Time: 00:31:32

Health: -25/162    AC: 50    Str: 32    XL:     15   Next: 10%
Magic:  23/23      EV: 11    Int: 10    God:    Makhleb [******]
Gold:   0          SH: 38    Dex: 14    Spells: 14/14 levels left

rFire    + . .     SeeInvis .   a - +6 shillelagh "Devastator" {shatter}
rCold    + . .     Gourm    .   L - +18 shield of the Gong {rElec rN+ MR+ EV-5}
rNeg     + . .     Faith    .   K - +15 Maxwell's patent armour {-Cast -Tele rElec MR+ rCorr}
rPois    +         Spirit   .   A - +2 hat
rElec    +         Reflect  .   i - +0 cloak of the Good {rCorr}
rCorr    +         Harm     .   W - +1 pair of gloves {archery}
MR       ++++.     NoTele   +   U - +2 pair of boots {run} Stlth ..........NoCast +
                                C - amulet of Vitality {Regen+ HP+15}
Regen    0.8/turn               D - ring of Robustness {AC+8}
MPRegen  0.2/turn               O - ring of Sapruy Ypen {rElec MR+ Str+5 Int+4}

@: mighty, lethally poisoned (-25 -> -26), resistant, hasted and slowed,
glowing, studying 3 skills, silenced, quick
A: retaliatory headbutt, horns 2
a: Renounce Religion


You were in the Dungeon.
You worshipped Makhleb.
Makhleb was exalted by your worship.
You were not hungry.

You visited 1 branch

Inventory:

Hand Weapons
 a - the +6 shillelagh "Devastator" (weapon) {shatter}
   (You found it in the Dungeon)
 b - the +8 whip "Snakebite" {curare, rPois}
   (You found it in the Dungeon)

   It poisons the flesh of those it strikes.
   It protects you from poison.
 r - the +9 sword of Zonguldrok {reap}
   (You found it in the Dungeon)

   If a monster killed with it leaves a corpse in good enough shape, the corpse
   will be animated as a zombie friendly to the killer.
Missiles
 c - 3 throwing nets (quivered)
Armour
 i - the +0 cloak of the Good (worn) {rCorr}
   (You found it in the Dungeon)

   It protects you from acid and corrosion.
 A - a +2 hat (worn)
 K - the +15 Maxwell's patent armour (worn) {-Cast -Tele rElec MR+ rCorr}
   (You found it in the Dungeon)

   It insulates you from electricity.
   It affects your resistance to hostile enchantments.
   It prevents spellcasting.
   It prevents most forms of teleportation.
   It protects you from acid and corrosion.
 L - the +18 shield of the Gong (worn) {rElec rN+ MR+ EV-5}
   (You found it in the Dungeon)

   It affects your evasion (-5).
   It insulates you from electricity.
   It protects you from negative energy.
   It affects your resistance to hostile enchantments.
 U - a +2 pair of boots of running (worn)
 W - a +1 pair of gloves of archery (worn)
Jewellery
 t - a +5 amulet of reflection
 C - the amulet of Vitality (around neck) {Regen+ HP+15}
   (You found it in the Dungeon)

   [amulet of regeneration]

   It affects your health (+15).
   It increases your rate of regeneration.
 D - the ring of Robustness (left hand) {AC+8}
   (You found it in the Dungeon)

   [ring of protection]

   It affects your AC (+8).
 E - a +6 ring of strength
 F - a +6 ring of strength
 O - the ring of Sapruy Ypen (right hand) {rElec MR+ Str+5 Int+4}
   (You found it in the Dungeon)

   [ring of strength]

   It affects your strength (+5).
   It affects your intelligence (+4).
   It insulates you from electricity.
   It affects your resistance to hostile enchantments.
 X - the amulet "Ufaf" {RegenMP Fragile +Fly rPois Str+4 Int+5}
   (You found it in the Dungeon)

   [amulet of magic regeneration]

   It increases your magic regeneration.
   It affects your strength (+4).
   It affects your intelligence (+5).
   It protects you from poison.
   It lets you fly.
   It will be destroyed if unequipped.
 Y - the cursed necklace of Bloodlust {*Rage +Rage MR++ Int-3 Slay+6 *Curse}
   (You found it in the Dungeon)

   [amulet of rage]

   It affects your intelligence (-3).
   It affects your accuracy and damage with ranged weapons and melee attacks
   (+6).
   It affects your resistance to hostile enchantments.
   It lets you go berserk.
   It may make you go berserk in combat.
   It curses itself when equipped.
   It has a curse placed upon it.
Wands
 G - a wand of disintegration (7/24)
 H - a wand of iceblast (11/15)
 I - a wand of lightning (5/15)
 J - a wand of acid (12/15)
Scrolls
 j - 4 scrolls of blinking
 q - 4 scrolls of amnesia
 s - 7 scrolls of fog
 u - 5 scrolls of identify
 v - 5 scrolls of remove curse
 w - 2 scrolls of fear
 N - 2 scrolls of enchant armour
Potions
 e - 6 potions of curing
 f - 6 potions of heal wounds
 g - 2 potions of haste
 h - 7 potions of magic
 k - 2 potions of brilliance
 l - 2 potions of invisibility
 m - 2 potions of resistance
 o - 6 potions of agility
 p - 4 potions of might
Books
 P - a manual of Long Blades
 T - a manual of Fighting
 V - a manual of Bows
Miscellaneous
 n - a lamp of fire (inert)
 y - a lightning rod (2/4)
 B - 3 boxes of beasts
 M - a phial of floods
 Q - a fan of gales
 R - 2 phantom mirrors
 S - 4 sacks of spiders
Comestibles
 d - 4 bread rations
 x - 42 fruits
 z - 4 meat rations


   Skills:
 * Level 17.4 Fighting
 + Level 0.5 Long Blades
 * Level 18.1 Maces & Flails
   Level 1.0 Polearms
 + Level 4.5 Throwing
 * Level 16.0 Armour
 * Level 13.0 Dodging
 + Level 0.5 Stealth
 O Level 27 Shields
 * Level 16.9 Unarmed Combat
 + Level 0.2 Spellcasting
   Level 0.4 Summonings
   Level 0.8 Transmutations
 + Level 12.3 Invocations
 + Level 5.3 Evocations


You had 14 spell levels left.
You didn't know any spells.

Dungeon Overview and Level Annotations

Branches:
Dungeon (1/1)

Altars:
Ashenzari
Cheibriados
Dithmenos
Elyvilon
Fedhas
Gozag
Hepliaklqana
Kikubaaqudgha
Makhleb
Nemelex Xobeh
Okawaru
Qazlal
Ru
Sif Muna
Trog
Uskayaw
Vehumet
Xom
Yredelemnul
Zin
The Shining One
Beogh
Jiyva
Lugonu

Annotations:
D Antaeus, Asmodeus, Azrael, Boris, Gloorx Vloq, Jory, Mennas, Rupert


Innate Abilities, Weirdness & Mutations

You reflexively headbutt those who attack you in melee.
You have a pair of horns on your head.


Message History

You headbutt the Executioner! You block the Executioner's attack.
The Executioner barely misses you. The Executioner closely misses you.
The Executioner hits you but does no damage.
You block the Executioner's attack.
The Executioner hits you but does no damage. x2
The Executioner completely misses you.
Gloorx Vloq is engulfed in blazing flames.
Gloorx Vloq gestures at you. The foul vapour misses you.
Mennas gestures at you.
The Executioner is engulfed in blazing flames.
The Executioner hits you but does no damage.
You block the Executioner's attack. The Executioner closely misses you.
The Executioner hits you but does no damage.
The Executioner barely misses you.
The Executioner hits you but does no damage.
Antaeus hits you with a great sword!!!
* * * LOW HITPOINT WARNING * * *
Antaeus freezes you!! You resist.
You die...

▓..▓.....
....§....§.....▓.▓.▓....
....§....§.....▓..▓.....
........§....).▓........
........§......▓........
...▓.@§[§..▓...▓▓▓▓▓▓▓▓▓
....§.§&.†.....▓.....8©8
....§§1C&R.....▓.[}).)).
.....1V@1A.....▓..[.):|"
▓▓▓▓▓▓▓▓▓▓▓▓▓▓▓▓........
▓........ ▓........
▓........ ▓........
▓†)†..... ▓)†▓.....
▓))†.....


You could see Antaeus, Asmodeus, Gloorx Vloq, Jory, Mennas, Rupert, Azrael and 3
Executioners.

Vanquished Creatures
  3 greater mummies (D)
  A shard shrike (D)
  Saint Roka (D)
  the Lernaean hydra (D)
  Nikola (D)
  A lich (D)
  A deep elf blademaster (D)
  A deep elf master archer (D)
  A deep elf sorcerer (D)
  An entropy weaver (D)
  2 stone giants (D)
  3 mummy priests (D)
  Josephine (D)
  A deep elf death mage (D)
  A deep elf high priest (D)
  9 vault guards (D)
  2 naga warriors (D)
  3 ice dragons (D)
  3 hydras (D)
  2 anacondas (D)
  3 two-headed ogres (D)
  A dancing weapon (D)
  A hell hog (D)
  A deep elf knight (D)
  A swamp dragon (D)
  4 deep elf archers (D)
  6 deep elf magi (D)
  A wolf spider (D)
  A mana viper (shapeshifter) (D)
  2 cyclopes (D)
  3 black mambas (D)
  4 toenail golems (D)
  3 guardian serpents (D)
  A hellion (D)
  A rime drake (D)
  A yaktaur (D)
  A tormentor (D)
  An ice devil (D)
  11 guardian mummies (D)
  A troll (D)
  A demonic crawler (D)
  2 jumping spiders (D)
  2 red devils (D)
  2 hornets (D)
  A polar bear (D)
  A jumping spider (shapeshifter) (D)
  3 slime creatures (D)
  An air elemental (D)
  A hippogriff (D)
  4 flying skulls (D)
  A redback (D)
  5 tarantellas (D)
  An ushabti (D)
  3 shadows (D)
  4 wyverns (D)
  A yak (D)
  A basilisk (D)
  2 wraiths (D)
  4 nagas (D)
  4 water moccasins (D)
  A hell hound (D)
  A floating eye (D)
  Purgy (D)
  2 swamp drakes (D)
  3 ice beasts (D)
  An ogre (D)
  A phantom (D)
  5 scorpions (D)
  An orc priest (D)
  An iron imp (D)
  3 jellies (D)
  An orc wizard (D)
  12 mummies (D)
  2 adders (D)
  3 white imps (D)
  An ooze (D)
  2 adder zombies (D)
  3 adder skeletons (D)
  An adder simulacrum (D)
  2 orcs (D)
  2 ball pythons (D)
  A bat skeleton (D)
  A bat zombie (D)
  A jackal (D)
  A giant cockroach zombie (D)
  A jackal zombie (D)
  A leopard gecko skeleton (D)
  A quokka skeleton (D)
  A quokka zombie (D)
188 creatures vanquished.

Vanquished Creatures (collateral kills)
  A wyvern (D)
  A mummy (D)
  An adder zombie (D)
3 creatures vanquished.

Vanquished Creatures (others)
  Gastronok (D)
  Kirke (D)
  Nessos (D)
  A polar bear (D)
  Grinder (D)
  Sigmund (D)
  Menkaure (D)
  Ijyb (D)
  Terence (D)
  An adder skeleton (D)
  A giant cockroach zombie (D)
11 creatures vanquished.

Grand Total: 202 creatures vanquished

Notes
Turn   | Place    | Note
-------+----------+-------------------------------------------
     0 | D        | KingStallion the Minotaur Gladiator began the quest for the Orb.
     0 | D        | Reached XP level 1. HP: 18/18 MP: 0/0
     0 | D        | Found a deep blue altar of Sif Muna.
     0 | D        | Found a bloodstained altar of Trog.
     0 | D        | Found a sacrificial altar of Ru.
     0 | D        | Found a stormy altar of Qazlal.
     0 | D        | Found an iron altar of Okawaru.
     1 | D        | Found a sparkling altar of Nemelex Xobeh.
     1 | D        | Found a blossoming altar of Fedhas.
     3 | D        | Found a transporter.
     3 | D        | Found an ancient bone altar of Kikubaaqudgha.
     3 | D        | Found a viscous altar of Jiyva.
     3 | D        | Found a corrupted altar of Lugonu.
     3 | D        | Found a hazy altar of Hepliaklqana.
     3 | D        | Found a burning altar of Makhleb.
     3 | D        | Found an opulent altar of Gozag.
    11 | D        | Killed Nessos
    58 | D        | Became a worshipper of Makhleb the Destroyer
    69 | D        | Entered arena 2.
    69 | D        | Found a transporter.
    83 | D        | Entered arena 3.
    83 | D        | Noticed an iron imp
    83 | D        | Found a transporter.
    88 | D        | Killed an iron imp
    88 | D        | Reached * piety under Makhleb
    88 | D        | Reached skill level 1 in Maces & Flails
    88 | D        | Reached skill level 1 in Armour
    88 | D        | Reached skill level 1 in Shields
    88 | D        | Reached skill level 5 in Unarmed Combat
    88 | D        | Reached skill level 1 in Invocations
    88 | D        | Reached XP level 2. HP: 25/25 MP: 1/1
    88 | D        | Reached XP level 3. HP: 30/30 MP: 2/2
    93 | D        | Reached skill level 5 in Dodging
    93 | D        | Reached skill level 2 in Shields
    99 | D        | Entered arena 4.
    99 | D        | Noticed a toenail golem
    99 | D        | Noticed a toenail golem
    99 | D        | Noticed a toenail golem
    99 | D        | Noticed a toenail golem
    99 | D        | Found a transporter.
   106 | D        | Killed a toenail golem
   106 | D        | Reached ** piety under Makhleb
   106 | D        | Reached skill level 5 in Fighting
   106 | D        | Reached skill level 5 in Armour
   106 | D        | Reached skill level 6 in Shields
   106 | D        | Reached XP level 4. HP: 24/42 MP: 3/6
   106 | D        | Reached XP level 5. HP: 28/49 MP: 3/7
   106 | D        | Reached XP level 6. HP: 33/56 MP: 3/8
   107 | D        | Killed a toenail golem
   107 | D        | Reached skill level 5 in Maces & Flails
   107 | D        | Reached skill level 7 in Shields
   107 | D        | Reached skill level 5 in Invocations
   107 | D        | Reached XP level 7. HP: 38/64 MP: 3/9
   107 | D        | Killed a toenail golem
   107 | D        | Reached skill level 8 in Shields
   107 | D        | Reached skill level 10 in Unarmed Combat
   107 | D        | Reached XP level 8. HP: 61/73 MP: 3/11
   109 | D        | Killed a toenail golem
   109 | D        | Reached *** piety under Makhleb
   115 | D        | Entered arena 5.
   115 | D        | Found a transporter.
   123 | D        | Got the ring of Pride {rC+ MR+ AC+1 Int-4 Dex+3}
   128 | D        | Entered arena 6.
   128 | D        | Noticed a polar bear
   128 | D        | Noticed a polar bear
   128 | D        | Found a transporter.
   130 | D        | Reached **** piety under Makhleb
   132 | D        | Reached skill level 9 in Shields
   134 | D        | Killed a polar bear
   135 | D        | Killed Ijyb
   138 | D        | Killed a polar bear
   155 | D        | Entered arena 7.
   155 | D        | Noticed a hippogriff
   155 | D        | Noticed a black mamba
   156 | D        | Found a transporter.
   164 | D        | Reached skill level 10 in Shields
   164 | D        | Reached XP level 9. HP: 79/82 MP: 9/13
   166 | D        | Reached ***** piety under Makhleb
   174 | D        | Killed a black mamba
   174 | D        | Reached skill level 11 in Shields
   190 | D        | Entered arena 8.
   191 | D        | Found a transporter.
   213 | D        | Entered arena 9.
   213 | D        | Noticed a two-headed ogre
   213 | D        | Noticed a two-headed ogre
   213 | D        | Noticed a cyclops
   213 | D        | Noticed a two-headed ogre
   213 | D        | Noticed a troll
   213 | D        | Noticed a cyclops
   214 | D        | Found a transporter.
   222 | D        | Killed a two-headed ogre
   222 | D        | Reached ****** piety under Makhleb
   222 | D        | Reached skill level 10 in Maces & Flails
   222 | D        | Reached skill level 12 in Shields
   222 | D        | Reached XP level 10. HP: 83/91 MP: 14/14
   222 | D        | Killed a two-headed ogre
   222 | D        | Reached skill level 13 in Shields
   224 | D        | Killed a two-headed ogre
   224 | D        | Reached skill level 10 in Fighting
   224 | D        | Reached skill level 14 in Shields
   225 | D        | Killed a cyclops
   230 | D        | Killed a cyclops
   244 | D        | Got the +1 pair of boots of the Battered Runes {+Blink Str+4 Int-2 Dex+2}
   256 | D        | Entered arena 10.
   257 | D        | Found a transporter.
   260 | D        | Paralysed by a floating eye for 4 turns
   275 | D        | Reached skill level 10 in Armour
   275 | D        | Reached skill level 15 in Shields
   344 | D        | Entered arena 11.
   344 | D        | Noticed a deep elf archer
   344 | D        | Noticed a deep elf mage
   344 | D        | Noticed a deep elf mage
   344 | D        | Noticed a deep elf mage
   344 | D        | Noticed a trident of protection
   344 | D        | Noticed a deep elf mage
   344 | D        | Noticed a deep elf knight
   345 | D        | Found a transporter.
   349 | D        | Noticed an elephant
   349 | D        | a dream sheep changed into an elephant
   350 | D        | an elephant changed into a floating eye
   353 | D        | Noticed a shock serpent
   353 | D        | a floating eye changed into a shock serpent
   355 | D        | Noticed a mana viper
   355 | D        | a shock serpent changed into a mana viper
   356 | D        | Killed a deep elf mage
   358 | D        | Killed a deep elf mage
   358 | D        | Reached XP level 11. HP: 101/101 MP: 16/16
   358 | D        | Killed a deep elf knight
   358 | D        | Reached skill level 16 in Shields
   359 | D        | Killed a mana viper
   362 | D        | HP: 5/101 [deep elf archer/uncursed dagger of venom (13)]
   379 | D        | Killed a deep elf mage
   380 | D        | Killed a deep elf archer
   380 | D        | Killed a deep elf mage
   380 | D        | Reached skill level 17 in Shields
   382 | D        | Killed a trident of protection
   412 | D        | Reached skill level 1 in Polearms
   412 | D        | Reached XP level 12. HP: 110/110 MP: 18/18
   417 | D        | Entered arena 12.
   417 | D        | Noticed a hell hog
   419 | D        | Found a transporter.
   423 | D        | Killed a hell hog
   502 | D        | Entered arena 13.
   502 | D        | Noticed a deep elf high priest
   502 | D        | Noticed a deep elf sorcerer
   503 | D        | Noticed a deep elf blademaster
   503 | D        | Noticed a deep elf death mage
   504 | D        | Noticed a deep elf master archer
   527 | D        | Killed a deep elf master archer
   527 | D        | Killed a deep elf blademaster
   527 | D        | Killed a deep elf death mage
   527 | D        | Reached skill level 18 in Shields
   527 | D        | Reached skill level 10 in Invocations
   528 | D        | Killed a deep elf sorcerer
   530 | D        | Killed a ghostly deep elf master archer
   530 | D        | Reached skill level 19 in Shields
   533 | D        | Found a transporter.
   539 | D        | Killed a deep elf high priest
   539 | D        | Reached XP level 13. HP: 119/119 MP: 19/19
   541 | D        | Reached skill level 20 in Shields
   549 | D        | Killed a ghostly deep elf blademaster
   556 | D        | Reached skill level 1 in Evocations
   590 | D        | Entered arena 14.
   597 | D        | Noticed an entropy weaver
   611 | D        | Reached skill level 21 in Shields
   612 | D        | Killed an entropy weaver
   612 | D        | Reached skill level 15 in Maces & Flails
   624 | D        | Found a transporter.
   634 | D        | Got the ring of Sapruy Ypen {rElec MR+ Str+5 Int+4}
   645 | D        | Entered arena 15.
   649 | D        | Killed Menkaure
   651 | D        | Noticed a stone giant
   652 | D        | Noticed a stone giant
   653 | D        | Killed Terence
   666 | D        | Noticed a lich
   673 | D        | Reached skill level 22 in Shields
   678 | D        | Killed a stone giant
   697 | D        | Killed a lich
   697 | D        | Reached skill level 23 in Shields
   702 | D        | Killed a stone giant
   719 | D        | Killed Sigmund
   722 | D        | Found a transporter.
   734 | D        | Killed Gastronok
   742 | D        | Entered arena 16.
   749 | D        | Noticed a shard shrike
   767 | D        | Killed Grinder
   769 | D        | Killed a shard shrike
   769 | D        | Reached skill level 10 in Dodging
   769 | D        | Reached skill level 15 in Unarmed Combat
   769 | D        | Reached XP level 14. HP: 97/132 MP: 22/22
   783 | D        | Found a transporter.
   821 | D        | Entered arena 17.
   864 | D        | Reached skill level 24 in Shields
   938 | D        | Found a transporter.
   949 | D        | Got the +0 cloak of the Good {rCorr}
   973 | D        | Entered arena 18.
   982 | D        | Noticed a greater mummy
   982 | D        | Noticed a greater mummy
   983 | D        | Found a transporter.
   984 | D        | Noticed an emperor scorpion
   984 | D        | Noticed an emperor scorpion
   987 | D        | Noticed an emperor scorpion
   999 | D        | Killed a greater mummy
   999 | D        | Reached skill level 25 in Shields
  1002 | D        | Killed a greater mummy
  1002 | D        | Reached skill level 15 in Fighting
  1002 | D        | Reached skill level 26 in Shields
  1002 | D        | Noticed a reaper
  1120 | D        | Entered arena 19.
  1134 | D        | Reached skill level 15 in Armour
  1155 | D        | Found a transporter.
  1180 | D        | Identified a +2 pair of boots of running (You found it in the Dungeon)
  1198 | D        | Entered arena 20.
  1208 | D        | Noticed a greater mummy
  1236 | D        | Noticed a reaper
  1240 | D        | Reached skill level 27 in Shields
  1244 | D        | Killed a greater mummy
  1244 | D        | Reached XP level 15. HP: 95/146 MP: 23/23
  1252 | D        | Reached skill level 5 in Evocations
  1252 | D        | Killed Kirke
  1273 | D        | Found a transporter.
  1283 | D        | Got the amulet "Isui" {Inacc +Blink rC- MR+ Stlth+}
  1300 | D        | Got the amulet "Ufaf" {RegenMP Fragile +Fly rPois Str+4 Int+5}
  1405 | D        | Entered arena 21.
  1405 | D        | Noticed Mennas
  1405 | D        | Noticed Asmodeus
  1405 | D        | Noticed Purgy
  1405 | D        | Noticed Saint Roka
  1405 | D        | Noticed Nikola
  1405 | D        | Noticed the 27-headed Lernaean hydra
  1405 | D        | Noticed Josephine
  1405 | D        | Noticed Gloorx Vloq
  1406 | D        | Noticed Boris
  1408 | D        | Noticed Jory
  1409 | D        | Noticed an Executioner
  1409 | D        | Noticed an Executioner
  1409 | D        | Noticed an Executioner
  1409 | D        | Noticed Antaeus
  1409 | D        | Killed Purgy
  1411 | D        | Noticed Azrael
  1412 | D        | Noticed Rupert
  1413 | D        | Killed Nikola
  1415 | D        | Killed Josephine
  1416 | D        | Killed Saint Roka
  1417 | D        | Killed the 27-headed Lernaean hydra
  1418 | D        | HP: 7/162 [Antaeus/great sword (52)]
  1418 | D        | Annihilated by Antaeus

Skill      XL: |  1  2  3  4  5  6  7  8  9 10 11 12 13 14 15 |
---------------+----------------------------------------------+-----
Unarmed Combat | 5 8 9 10 11 12 13 15 16 | 16.9
Dodging        | 4 6 7 8 9 10 12 13 | 13.0
Maces & Flails | 1 4 5 6 7 10 12 13 14 16 17 18 | 18.1
Armour         | 1 5 6 7 9 10 11 12 13 15 16 | 16.0
Shields        | 1 6 7 8 10 12 15 17 19 23 27 | 27.0
Invocations    | 1 4 5 6 7 8 9 10 12 | 12.3
Fighting       | 5 6 7 8 9 10 11 12 14 16 17 | 17.4
Throwing       | 3 4 |  4.5
Polearms       | 1 |  1.0
Evocations     | 3 4 5 |  5.3
Long Blades    | |  0.5
Stealth        | |  0.5
Spellcasting   | |  0.2
Summonings     | |  0.4
Transmutations | |  0.8

Action                   |  1- 3 |  4- 6 |  7- 9 | 10-12 | 13-15 || total
-------------------------+-------+-------+-------+-------+-------++-------
Melee: Shillelagh        |    13 |     1 |    16 |    94 |   229 ||   353
       Headbutt          |     7 |       |    11 |    24 |    67 ||   109
       Double sword      |     2 |       |       |       |       ||     2
       Whip              |       |       |    31 |       |       ||    31
Invok: Greater Servant o |       |       |       |       |     1 ||     1
Evoke: Lamp of fire      |       |       |       |       |     7 ||     7
       Lightning rod     |       |       |       |       |     2 ||     2
       Box of beasts     |       |       |       |       |     3 ||     3
       Phial of floods   |       |       |       |       |     1 ||     1
       Wand              |       |       |       |       |     3 ||     3
  Use: Scroll            |     3 |       |       |     2 |     1 ||     6
       Potion            |       |       |       |     7 |    12 ||    19
  Eat: Bread ration      |       |       |       |       |     1 ||     1
Armor: Plate armour      |    11 |       |    16 |    32 |   117 ||   176
Dodge: Dodged            |       |       |    10 |    11 |    46 ||    67
Block: Shield            |    28 |     2 |    87 |   149 |   338 ||   604
